 Dungeon Crawl Stone Soup version 0.22-b1-26-g9dbaab1 (webtiles) character file.

518 Gergoth the Cudgeler (level 7, -3/44 HPs)
             Began as a Gargoyle Gladiator on Aug 8, 2018.
             Was an Initiate of Ru.
             Slain by Blork the orc
             ... wielding a +6 war axe of flaming
              (7 damage)
             ... on level 5 of the Dungeon.
             The game lasted 00:04:30 (3378 turns).

Gergoth the Cudgeler (Gargoyle Gladiator)           Turns: 3378, Time: 00:04:30

Health: -3/44      AC: 13    Str: 17    XL:     7   Next: 21%
Magic:  7/7        EV: 10    Int: 11    God:    Ru [......]
Gold:   199        SH:  0    Dex: 11    Spells: 6/6 levels left

rFire    . . .     SeeInvis .   a - +0 flail
rCold    . . .     Gourm    .   (no shield)
rNeg     + . .     Faith    .   l - +0 scale mail
rPois    ∞         Spirit   .   c - +0 helmet
rElec    +         Reflect  .   (no cloak)
rCorr    .         Harm     .   (no gloves)
MR       .....                  (no boots)
Stlth    ..........             (no amulet)
HPRegen  0.14/turn              (no ring)
MPRegen  0.10/turn              (no ring)

@: no status effects
A: negative energy resistance 1, electricity resistance, unbreathing,
petrification resistance, rot immunity, AC +4
a: Renounce Religion


You were on level 5 of the Dungeon.
You worshipped Ru.
Ru was noncommittal.
You were not hungry.

You visited 1 branch of the dungeon, and saw 5 of its levels.

You collected 199 gold pieces.

Inventory:

Hand Weapons
 a - a +0 flail (weapon)
 k - a +0 morningstar
Missiles
 d - a throwing net (quivered)
Armour
 c - a +0 helmet (worn)
 l - a +0 scale mail (worn)
 q - a cursed +0 pair of gloves
 u - a +0 chain mail
Jewellery
 o - a +2 ring of strength {unknown}
Scrolls
 e - a scroll of teleportation {unknown}
 i - a scroll of magic mapping {unknown}
 j - a scroll of fear {unknown}
 t - 2 scrolls of remove curse {unknown}
 v - 2 scrolls of identify {unknown}
 w - a scroll of blinking {unknown}
Potions
 b - 2 potions of brilliance {unknown}
 g - a potion of heal wounds {unknown}
 h - a potion of curing {unknown}
 m - a potion of agility {unknown}
 n - 2 potions of might {unknown}
 r - a potion of lignification {unknown}
 s - 2 potions of flight {unknown}
Comestibles
 f - 12 rations
 p - a chunk of flesh


   Skills:
 + Level 5.2 Fighting
 + Level 5.3 Maces & Flails
 - Level 1.7 Throwing
 + Level 4.0 Armour
 - Level 2.4 Dodging


You had 6 spell levels left.
You didn't know any spells.
Your spell library was empty.

Dungeon Overview and Level Annotations

Branches:
Dungeon (5/15)
 Temple: D:4-7

Altars:
Ru

Annotations:
D:5 Blork the orc


Innate Abilities, Weirdness & Mutations

You are resistant to torment.
Your stone body is resilient. (AC +4)
You are immune to poison.
You resist negative energy. (rN+)
You are resistant to electric shocks. (rElec)
You can survive without breathing.
You are immune to petrification.
You are immune to rotting.


Message History

* * * LOW HITPOINT WARNING * * *
Blork the orc burns you.
* * * LOW HITPOINT WARNING * * *
You hit Blork the orc but do no damage.
Blork the orc is severely wounded.
Blork the orc barely misses you.
Blork the orc casts a spell.
Blork the orc flickers and vanishes!
Deactivating autopickup; reactivate with Ctrl-A.
You closely miss something.
You hear some strange, mumbled words.
A magic dart appears from out of thin air!
The magic dart hits you!
* * * LOW HITPOINT WARNING * * *
Something hits you.
* * * LOW HITPOINT WARNING * * *
Something burns you.
* * * LOW HITPOINT WARNING * * *
You hit something but do no damage. Something hits you!
You die...

##.%..# #
.....#. ##....#.
.(.... ####....#
.Z.....+ #..Z.#
#{# #@#
########.### #
...........# .#
########.#.# .#
#.#.####.# ##
#.#.#....#...#
#.#.#<.......#
#.#.##.#######..
#...............


You could see a leopard gecko skeleton.

Vanquished Creatures
  2 ogres
  3 orc wizards (D:4)
  An orc priest (D:4)
  Natasha (thrice) (D:2)
  A worker ant (D:4)
  7 adders
  3 worms
  2 dart slugs
  2 leopard geckos
  7 orcs
  4 giant cockroaches
  4 hobgoblins
  2 jackals (D:2)
  5 kobolds
  A quokka (D:4)
  3 ball pythons (D:2)
  6 bats
  5 frilled lizards
  10 goblins
  A leopard gecko skeleton (D:5)
  6 rats
78 creatures vanquished.

Vanquished Creatures (others)
  An orc (D:4)
1 creature vanquished.

Grand Total: 79 creatures vanquished

Notes
Turn   | Place    | Note
-------+----------+-------------------------------------------
     0 | D:1      | Gergoth the Gargoyle Gladiator began the quest for the Orb.
     0 | D:1      | Reached XP level 1. HP: 12/12 MP: 1/1
   149 | D:1      | Reached XP level 2. HP: 13/18 MP: 2/2
   801 | D:2      | Reached XP level 3. HP: 23/23 MP: 3/3
   950 | D:2      | Reached skill level 1 in Armour
  1058 | D:2      | Reached XP level 4. HP: 28/28 MP: 4/4
  1184 | D:2      | Noticed Natasha
  1215 | D:2      | Killed Natasha
  1418 | D:2      | Noticed Natasha
  1426 | D:2      | Killed Natasha
  1426 | D:2      | Reached XP level 5. HP: 19/33 MP: 5/5
  1622 | D:2      | Noticed Natasha
  1630 | D:2      | Killed Natasha
  2123 | D:3      | Found a sacrificial altar of Ru.
  2489 | D:3      | Became a worshipper of Ru the Awakened
  2547 | D:4      | Noticed an ogre
  2555 | D:4      | Killed an ogre
  2555 | D:4      | Reached XP level 6. HP: 39/39 MP: 6/6
  2859 | D:4      | Reached skill level 5 in Maces & Flails
  2946 | D:4      | Reached skill level 5 in Fighting
  3106 | D:4      | Reached XP level 7. HP: 44/44 MP: 7/7
  3334 | D:5      | Entered Level 5 of the Dungeon
  3364 | D:5      | Noticed Blork the orc
  3378 | D:5      | Slain by Blork the orc

Skill      XL: |  1  2  3  4  5  6  7 |
---------------+----------------------+-----
Fighting       | 3 4 5 |  5.2
Armour         | 1 2 3 4 |  4.0
Maces & Flails | 4 5 |  5.3
Throwing       | |  1.7
Dodging        | |  2.4

Action                   |  1- 3 |  4- 6 |  7- 9 || total
-------------------------+-------+-------+-------++-------
Melee: Flail             |    92 |   208 |    22 ||   322
Throw: Throwing net      |       |     1 |     2 ||     3
 Stab: Held in net/web   |       |     1 |     1 ||     2
  Eat: Chunk             |     1 |     6 |     1 ||     8
Armor: Leather armour    |    16 |       |       ||    16
       Scale mail        |    42 |   142 |     7 ||   191
Dodge: Dodged            |    62 |   124 |     9 ||   195
